Tampa Bay Lightning vs Edmonton Oilers
Created - Wednesday, March 26, 2025 at 07:52
Goals
|
| Tampa Bay Lightning |
1 |
3 |
1 |
5 |
| Edmonton Oilers |
0 |
1 |
0 |
1 |
|
Shots
|
| Tampa Bay Lightning |
8 |
15 |
8 |
31 |
| Edmonton Oilers |
9 |
9 |
7 |
25 |
|
1st period
1. Tampa Bay Lightning , Travis Konecny 14 (Michael Matheson 10) at 2:23
Penalties :
Jason Dickinson (TBL) for Tripping (Minor) at 6:46, David Perron (EDM) for Slashing (Minor) at 15:11
2nd period
2. Edmonton Oilers , David Perron 12 (Adrian Kempe 28, Boone Jenner 16) at 11:23
3. Tampa Bay Lightning , Trevor Moore 8 (Travis Konecny 21) at 12:13
4. Tampa Bay Lightning , Gustav Nyquist 6 (Kirill Kaprizov 22) at 13:22
5. Tampa Bay Lightning , Kirill Kaprizov 17 (Filip Forsberg 13, Darnell Nurse 9) at 19:00 (PP)
Penalties :
Jacob Trouba (EDM) for Hooking (Minor) at 3:49, Rasmus Ristolainen (EDM) for Delaying the game (Minor) at 14:33, Jacob Trouba (EDM) for Tripping (Minor) at 17:14, Jacob Trouba (EDM) for Hooking (Minor) at 19:56
3rd period
6. Tampa Bay Lightning , Brent Burns 3 (Jonathan Huberdeau 13, Roope Hintz 17) at 5:11
Penalties :
Corey Perry (EDM) for Cross-checking (Minor) at 11:21
Goalie Stats
Darcy Kuemper (TBL), 24 saves from 25 shots - (0.960), W, 22-6-2, 60:00 minutes
Jonathan Quick (EDM), 26 saves from 31 shots - (0.839), L, 4-7-0, 60:00 minutes
Players Stats for Tampa Bay Lightning
Player Name G A P +/- PIM S H SB GA TA FO MP PP MP PK MP
------------------------------------------------------------------------------------
Anze Kopitar 0 0 0 1 0 3 1 0 0 0 15/23 20:57 6:15 0:54
Brent Burns 1 0 1 3 0 2 4 1 0 0 0/0 23:52 6:17 0:16
Darnell Nurse 0 1 1 0 0 0 1 0 0 1 0/0 21:16 6:05 1:06
Dylan Cozens 0 0 0 0 0 0 1 0 0 1 0/0 8:57 0:00 0:29
Filip Forsberg 0 1 1 1 0 2 2 0 2 0 0/0 19:28 6:15 0:00
Gustav Nyquist 1 0 1 1 0 1 0 0 0 0 0/0 13:34 0:05 0:00
Hampus Lindholm 0 0 0 0 0 2 1 2 0 0 0/0 15:28 0:00 0:00
Jamie Benn 0 0 0 1 0 1 0 0 0 1 7/13 16:19 4:52 0:25
Jason Dickinson 0 0 0 0 2 0 4 2 0 0 1/1 8:13 0:00 0:00
Jonathan Huberdeau 0 1 1 1 0 4 1 0 0 0 0/2 11:52 0:27 0:00
Jordan Martinook 0 0 0 0 0 1 1 0 0 0 0/0 8:07 0:00 0:00
Kirill Kaprizov 1 1 2 1 0 6 2 0 1 1 0/0 20:21 6:14 0:24
Michael Matheson 0 1 1 0 0 0 1 0 0 0 0/0 22:07 5:24 1:18
Moritz Seider 0 0 0 3 0 0 1 0 0 2 0/0 22:19 5:24 0:25
Roope Hintz 0 1 1 1 0 2 5 0 1 1 8/17 18:14 5:16 0:00
Travis Konecny 1 1 2 1 0 4 2 1 0 0 0/4 19:18 5:21 0:49
Trevor Moore 1 0 1 1 0 3 3 1 0 0 0/0 12:40 0:18 0:57
Tyler Myers 0 0 0 0 0 0 0 0 1 0 0/0 14:58 0:12 0:53
Players Stats for Edmonton Oilers
Player Name G A P +/- PIM S H SB GA TA FO MP PP MP PK MP
------------------------------------------------------------------------------------
Adrian Kempe 0 1 1 0 0 5 1 0 2 0 2/11 20:03 0:59 5:36
Boone Jenner 0 1 1 0 0 1 0 0 1 0 13/20 20:47 0:59 5:49
Brandon Carlo 0 0 0 0 0 0 4 2 0 2 0/0 25:28 0:35 7:13
Brock Boeser 0 0 0 0 0 1 1 2 0 1 0/0 20:47 1:00 5:31
Corey Perry 0 0 0 -3 2 3 3 0 0 0 0/1 12:14 0:00 0:46
David Perron 1 0 1 0 2 1 3 2 0 0 1/3 19:47 0:59 4:48
David Savard 0 0 0 -3 0 1 0 1 0 2 0/0 20:33 0:00 5:24
Dawson Mercer 0 0 0 -3 0 1 1 0 3 0 2/6 11:54 0:00 0:11
Derek Ryan 0 0 0 0 0 1 0 0 0 0 2/3 7:38 0:00 0:00
Evan Bouchard 0 0 0 0 0 0 0 0 0 0 0/0 3:49 1:24 0:00
Jacob Trouba 0 0 0 0 6 2 2 1 0 0 0/0 23:32 0:35 2:50
Jake DeBrusk 0 0 0 0 0 1 2 1 0 0 1/2 14:55 1:00 0:41
Jeff Carter 0 0 0 0 0 1 2 0 0 0 7/12 14:12 1:00 0:00
Joey Anderson 0 0 0 0 0 0 0 1 0 0 0/0 9:05 0:00 0:00
Morgan Barron 0 0 0 0 0 2 1 0 0 0 0/1 8:10 0:00 0:00
Rasmus Ristolainen 0 0 0 0 2 0 2 2 0 0 0/0 18:24 0:00 2:02
Ryan McLeod 0 0 0 -3 0 2 0 0 1 0 1/1 11:27 0:00 0:00
Scott Mayfield 0 0 0 -3 0 3 2 0 0 0 0/0 25:28 1:24 5:53
3 Stars
1 - Brent Burns (TBL)
2 - Travis Konecny (TBL)
3 - Kirill Kaprizov (TBL)
Power Play
Tampa Bay Lightning - 1 on 6 Attempt(s) - 16.67%
Edmonton Oilers - 0 on 1 Attempt(s) - 0.00%
Penalty Kill
Tampa Bay Lightning - 1 on 1 Attempt(s) - 100.00%
- Score 0 goal in Penalty Kill
Edmonton Oilers - 5 on 6 Attempt(s) - 83.33%
- Score 0 goal in Penalty Kill
Team Stat
Tampa Bay Lightning - Hits : 30 - Faceoff Wins : 31 - Blocked Shots : 7 - Penalty Minutes : 2
Edmonton Oilers - Hits : 24 - Faceoff Wins : 29 - Blocked Shots : 12 - Penalty Minutes : 12
Official
Referees : Ghislain Hebert and Ian Walsh
Linesman : Kyle Flemington and Ryan Gibbons
Game Notes
Evan Bouchard is injured at 11:34 of 1st period (Sprained Left Finger)
Finance
Level 1 -- Attendance: 5402 (90.03%) -- Ticket Income $486,180
Level 2 -- Attendance: 4597 (91.94%) -- Ticket Income $229,850
Level 3 -- Attendance: 2622 (87.40%) -- Ticket Income $78,660
Level 4 -- Attendance: 5000 (100.00%) -- Ticket Income $100,000
Luxury Box -- Attendance: 893 (89.30%) -- Ticket Income $169,670
Game was played at the Rexall Place.
Total Attendance: 18514 (92.57%)
Total Ticket Income: $1,064,360
Other Income: $372,526
Total Income: $1,436,886
Tampa Bay Lightning
5 vs 5 Forward
Center Left Wing Right Wing Time % Phy DF OF
1 Anze Kopitar Kirill Kaprizov Gustav Nyquist 34 0 2 3
2 Roope Hintz Travis Konecny Filip Forsberg 33 0 3 2
3 Jamie Benn Trevor Moore Jonathan Huberdeau 28 0 2 3
4 Jason Dickinson Dylan Cozens Jordan Martinook 5 0 2 3
5 vs 5 Defense
Defense Defense Time % Phy DF OF
1 Moritz Seider Brent Burns 36 1 3 1
2 Michael Matheson Hampus Lindholm 34 1 3 1
3 Darnell Nurse Tyler Myers 30 1 3 1
4 Moritz Seider Michael Matheson 0 1 2 2
PowerPlay Forward
Center Left Wing Right Wing Time % Phy DF OF
1 Anze Kopitar Kirill Kaprizov Filip Forsberg 50 1 2 2
2 Roope Hintz Jamie Benn Travis Konecny 50 1 2 2
PowerPlay Defense
Defense Defense Time % Phy DF OF
1 Michael Matheson Moritz Seider 50 1 2 2
2 Brent Burns Darnell Nurse 50 1 2 2
Penalty Kill 4 Players Forward
Center Wing Time % Phy DF OF
1 Jason Dickinson Trevor Moore 50 1 2 2
2 Anze Kopitar Dylan Cozens 50 1 2 2
Penalty Kill 4 Players Defense
Defense Defense Time % Phy DF OF
1 Moritz Seider Tyler Myers 50 1 2 2
2 Michael Matheson Darnell Nurse 50 1 2 2
Penalty Kill - 3 Players Forward
Forward Time % Phy DF OF
1 Anze Kopitar 50 1 2 2
2 Jason Dickinson 50 1 2 2
Penalty Kill - 3 Players Defense
Defense Defense Time % Phy DF OF
1 Michael Matheson Darnell Nurse 50 1 2 2
2 Moritz Seider Tyler Myers 50 1 2 2
4 vs 4 Forward
Center Wing Time % Phy DF OF
1 Jamie Benn Travis Konecny 50 1 2 2
2 Anze Kopitar Roope Hintz 50 1 2 2
4 vs 4 Defense
Defense Defense Time % Phy DF OF
1 Michael Matheson Moritz Seider 50 1 2 2
2 Brent Burns Tyler Myers 50 1 2 2
Last Minutes Offensive
Center Left Wing Right Wing Defense Defense
Anze Kopitar Kirill Kaprizov Filip Forsberg Michael Matheson Moritz Seider
Last Minutes Defensive
Center Left Wing Right Wing Defense Defense
Anze Kopitar Jason Dickinson Travis Konecny Moritz Seider Hampus Lindholm
Goaltenders
Starting : Darcy Kuemper
Backup : Jeremy Swayman
Extra Forwards
Normal : Travis Konecny, Filip Forsberg, Jamie Benn - PP : Jonathan Huberdeau, Trevor Moore - PK : Travis Konecny
Extra Defensemen
Normal : Darnell Nurse, Michael Matheson, Moritz Seider - PP : Moritz Seider - PK : Brent Burns, Darnell Nurse
Penalty Shots
Trevor Moore, Filip Forsberg, Kirill Kaprizov, Gustav Nyquist, Jonathan Huberdeau
Scratches
None
Edmonton Oilers
5 vs 5 Forward
Center Left Wing Right Wing Time % Phy DF OF
1 Boone Jenner David Perron Adrian Kempe 30 1 2 2
2 Jeff Carter Jake DeBrusk Brock Boeser 30 1 2 2
3 Dawson Mercer Ryan McLeod Corey Perry 25 1 2 2
4 Derek Ryan Morgan Barron Joey Anderson 15 1 2 2
5 vs 5 Defense
Defense Defense Time % Phy DF OF
1 Jacob Trouba Brandon Carlo 35 1 2 2
2 Rasmus Ristolainen Evan Bouchard 35 1 2 2
3 Scott Mayfield David Savard 30 1 2 2
4 Jacob Trouba Brandon Carlo 0 1 2 2
PowerPlay Forward
Center Left Wing Right Wing Time % Phy DF OF
1 Boone Jenner David Perron Adrian Kempe 50 1 2 2
2 Jeff Carter Jake DeBrusk Brock Boeser 50 1 2 2
PowerPlay Defense
Defense Defense Time % Phy DF OF
1 Jacob Trouba Brandon Carlo 50 1 2 2
2 Scott Mayfield Evan Bouchard 50 1 2 2
Penalty Kill 4 Players Forward
Center Wing Time % Phy DF OF
1 Adrian Kempe Brock Boeser 50 1 2 2
2 Boone Jenner David Perron 50 1 2 2
Penalty Kill 4 Players Defense
Defense Defense Time % Phy DF OF
1 Jacob Trouba Brandon Carlo 50 1 2 2
2 Scott Mayfield Evan Bouchard 50 1 2 2
Penalty Kill - 3 Players Forward
Forward Time % Phy DF OF
1 Adrian Kempe 50 1 2 2
2 Brock Boeser 50 1 2 2
Penalty Kill - 3 Players Defense
Defense Defense Time % Phy DF OF
1 Jacob Trouba Brandon Carlo 50 1 2 2
2 Scott Mayfield Evan Bouchard 50 1 2 2
4 vs 4 Forward
Center Wing Time % Phy DF OF
1 Adrian Kempe Brock Boeser 50 1 2 2
2 Boone Jenner David Perron 50 1 2 2
4 vs 4 Defense
Defense Defense Time % Phy DF OF
1 Jacob Trouba Brandon Carlo 50 1 2 2
2 Scott Mayfield Evan Bouchard 50 1 2 2
Last Minutes Offensive
Center Left Wing Right Wing Defense Defense
Boone Jenner David Perron Adrian Kempe Jacob Trouba Brandon Carlo
Last Minutes Defensive
Center Left Wing Right Wing Defense Defense
Boone Jenner David Perron Adrian Kempe Jacob Trouba Brandon Carlo
Goaltenders
Starting : Jonathan Quick
Backup : Juuse Saros
Extra Forwards
Normal : Morgan Barron, Adrian Kempe, Corey Perry - PP : Morgan Barron, Adrian Kempe - PK : Corey Perry
Extra Defensemen
Normal : Scott Mayfield, Jacob Trouba, Brandon Carlo - PP : Scott Mayfield - PK : Brandon Carlo, Jacob Trouba
Penalty Shots
Adrian Kempe, Brock Boeser, Boone Jenner, David Perron, Jake DeBrusk
Scratches
Brett Pesce (Left Knee Injury), Julien Gauthier (Healthy), Tanner Jeannot (Healthy), Dylan Holloway (Healthy)
% Time on Ice - Tampa Bay Lightning
Lines # - Real PCT - Wanted PCT - Time Play
Normal Forward
1 - 30% - 34% - 13:45
2 - 28% - 33% - 13:08
3 - 24% - 28% - 11:20
4 - 18% - 5% - 8:07
Normal Defense
1 - 35% - 36% - 16:13
2 - 35% - 34% - 16:20
3 - 29% - 30% - 13:39
4 - 0% - 0% - 0:08
PP Forward
1 - 54% - 50% - 6:20
2 - 46% - 50% - 5:21
PP Defense
1 - 46% - 50% - 5:24
2 - 54% - 50% - 6:17
PK Forward
1 - 68% - 50% - 1:21
2 - 32% - 50% - 0:38
PK Defense
1 - 45% - 50% - 0:53
2 - 55% - 50% - 1:06
PK3 Forward
1 - 0% - 50%
2 - 0% - 50%
PK3 Defense
1 - 0% - 50%
2 - 0% - 50%
44 Forward
1 - 0% - 50%
2 - 0% - 50%
44 Defense
1 - 0% - 50%
2 - 0% - 50%
Last Minute Offensive - 0:00
Last Minute Defensive - 0:00
Total
Forward - 60:00
Defense - 60:00
|
% Time on Ice - Edmonton Oilers
Lines # - Real PCT - Wanted PCT - Time Play
Normal Forward
1 - 29% - 30% - 13:30
2 - 30% - 30% - 13:45
3 - 25% - 25% - 11:27
4 - 16% - 15% - 7:38
Normal Defense
1 - 29% - 35% - 13:15
2 - 45% - 35% - 20:40
3 - 27% - 30% - 12:25
4 - 0% - 0% - 0:00
PP Forward
1 - 50% - 50% - 0:59
2 - 50% - 50% - 1:00
PP Defense
1 - 29% - 50% - 0:35
2 - 71% - 50% - 1:24
PK Forward
1 - 49% - 50% - 5:41
2 - 51% - 50% - 6:00
PK Defense
1 - 42% - 50% - 4:56
2 - 58% - 50% - 6:45
PK3 Forward
1 - 0% - 50%
2 - 0% - 50%
PK3 Defense
1 - 0% - 50%
2 - 0% - 50%
44 Forward
1 - 0% - 50%
2 - 0% - 50%
44 Defense
1 - 0% - 50%
2 - 0% - 50%
Last Minute Offensive - 0:00
Last Minute Defensive - 0:00
Total
Forward - 60:00
Defense - 60:00
|
Play-by-Play
1st period
0:01 of 1st period - David Perron wins face-off versus Anze Kopitar in neutral zone.
0:12 of 1st period - Wrist shot by Adrian Kempe.
0:12 of 1st period - Stopped by Darcy Kuemper without a rebound.
0:13 of 1st period - Jeff Carter wins face-off versus Travis Konecny in Tampa Bay Lightning zone.
1:08 of 1st period - Snap shot by Roope Hintz.
1:08 of 1st period - Stopped by Jonathan Quick with a rebound.
1:10 of 1st period - Slapshot by Michael Matheson.
1:10 of 1st period - Shot Misses the Net.
1:12 of 1st period - Slapshot by Hampus Lindholm.
1:12 of 1st period - Shot Misses the Net.
1:14 of 1st period - Slapshot by Hampus Lindholm.
1:14 of 1st period - Stopped by Jonathan Quick with a rebound.
1:16 of 1st period - Slapshot by Hampus Lindholm.
1:16 of 1st period - Shot Blocked by Joey Anderson.
1:18 of 1st period - Backhand shot by Michael Matheson.
1:18 of 1st period - Shot Misses the Net.
1:20 of 1st period - Slapshot by Hampus Lindholm.
1:20 of 1st period - Shot Blocked by Rasmus Ristolainen.
1:22 of 1st period - Slapshot by Hampus Lindholm.
1:22 of 1st period - Deflect By Evan Bouchard.
1:22 of 1st period - Stopped by Jonathan Quick with a rebound.
1:47 of 1st period - Icing by Filip Forsberg.
1:48 of 1st period - Roope Hintz wins face-off versus Dawson Mercer in Tampa Bay Lightning zone.
1:48 of 1st period - Roope Hintz is hit by Corey Perry.
2:23 of 1st period - Snap shot by Travis Konecny.
2:23 of 1st period - Goal by Travis Konecny - Tampa Bay Lightning : 1 - Edmonton Oilers : 0.
2:24 of 1st period - Jamie Benn wins face-off versus Boone Jenner in neutral zone.
2:56 of 1st period - Wrist shot by Brock Boeser.
2:56 of 1st period - Shot Misses the Net.
2:58 of 1st period - Snap shot by Jacob Trouba.
2:58 of 1st period - Stopped by Darcy Kuemper without a rebound.
2:59 of 1st period - Jeff Carter wins face-off versus Jamie Benn in Tampa Bay Lightning zone.
3:25 of 1st period - Brent Burns is hit by David Perron and loses puck.
4:17 of 1st period - Wrist shot by Jonathan Huberdeau.
4:17 of 1st period - Stopped by Jonathan Quick without a rebound.
4:18 of 1st period - Boone Jenner wins face-off versus Anze Kopitar in Edmonton Oilers zone.
4:33 of 1st period - Slapshot by David Perron.
4:33 of 1st period - Deflect By Adrian Kempe.
4:33 of 1st period - Stopped by Darcy Kuemper without a rebound.
4:34 of 1st period - Jake DeBrusk wins face-off versus Jamie Benn in Tampa Bay Lightning zone.
5:12 of 1st period - Off-side.
5:13 of 1st period - Jamie Benn wins face-off versus Dawson Mercer in neutral zone.
5:55 of 1st period - Wrist shot by Ryan McLeod.
5:55 of 1st period - Shot Blocked by Jason Dickinson.
5:57 of 1st period - Wrist shot by Ryan McLeod.
5:57 of 1st period - Stopped by Darcy Kuemper with a rebound.
6:13 of 1st period - Slapshot by Corey Perry.
6:13 of 1st period - Stopped by Darcy Kuemper with a rebound.
6:15 of 1st period - Slapshot by Corey Perry.
6:15 of 1st period - Stopped by Darcy Kuemper with a rebound.
6:17 of 1st period - Slapshot by Ryan McLeod.
6:17 of 1st period - Shot Misses the Net.
6:19 of 1st period - Slapshot by Jacob Trouba.
6:19 of 1st period - Deflect By Ryan McLeod.
6:19 of 1st period - Stopped by Darcy Kuemper with a rebound.
6:21 of 1st period - Snap shot by Dawson Mercer.
6:21 of 1st period - Shot Misses the Net.
6:23 of 1st period - Slapshot by Brandon Carlo.
6:23 of 1st period - Shot Misses the Net.
6:25 of 1st period - Slapshot by Jacob Trouba.
6:25 of 1st period - Shot Misses the Net.
6:46 of 1st period - Minor Penalty to Jason Dickinson for Tripping.
6:47 of 1st period - Boone Jenner wins face-off versus Travis Konecny in Tampa Bay Lightning zone.
7:44 of 1st period - Anze Kopitar is hit by Jeff Carter and loses puck.
8:46 of 1st period - Penalty to Jason Dickinson is over, Jason Dickinson is back on ice.
8:56 of 1st period - Joey Anderson is hit by Roope Hintz and loses puck.
9:17 of 1st period - Derek Ryan is hit by Brent Burns.
9:27 of 1st period - Brent Burns is hit by Brandon Carlo.
9:48 of 1st period - Jake DeBrusk is hit by Jason Dickinson and loses puck.
10:01 of 1st period - David Savard is hit by Darnell Nurse and loses puck.
10:22 of 1st period - Dawson Mercer is hit by Hampus Lindholm and loses puck.
10:49 of 1st period - Derek Ryan is hit by Dylan Cozens and loses puck.
11:20 of 1st period - Jake DeBrusk is hit by Trevor Moore and loses puck.
11:33 of 1st period - Evan Bouchard is hit by Michael Matheson.
11:34 of 1st period - Evan Bouchard from Edmonton Oilers is injured at 11:34 of 1st period (Sprained Left Finger).
11:35 of 1st period - Anze Kopitar wins face-off versus Jeff Carter in Edmonton Oilers zone.
11:38 of 1st period - Snap shot by Kirill Kaprizov.
11:38 of 1st period - Shot Blocked by Rasmus Ristolainen.
11:40 of 1st period - Wrist shot by Anze Kopitar.
11:40 of 1st period - Stopped by Jonathan Quick with a rebound.
11:42 of 1st period - Snap shot by Gustav Nyquist.
11:42 of 1st period - Shot Blocked by Brock Boeser.
11:44 of 1st period - Snap shot by Anze Kopitar.
11:44 of 1st period - Stopped by Jonathan Quick without a rebound.
11:45 of 1st period - Anze Kopitar wins face-off versus Jeff Carter in Edmonton Oilers zone.
12:00 of 1st period - Wrist shot by Kirill Kaprizov.
12:00 of 1st period - Stopped by Jonathan Quick without a rebound.
12:01 of 1st period - Jamie Benn wins face-off versus Boone Jenner in Edmonton Oilers zone.
12:49 of 1st period - Wrist shot by Ryan McLeod.
12:49 of 1st period - Shot Blocked by Brent Burns.
12:51 of 1st period - Snap shot by Jacob Trouba.
12:51 of 1st period - Shot Misses the Net.
12:53 of 1st period - Slapshot by Corey Perry.
12:53 of 1st period - Shot Misses the Net.
12:55 of 1st period - Slapshot by Corey Perry.
12:55 of 1st period - Stopped by Darcy Kuemper without a rebound.
12:56 of 1st period - Jamie Benn wins face-off versus Boone Jenner in Tampa Bay Lightning zone.
13:21 of 1st period - Michael Matheson is hit by Brandon Carlo and loses puck.
13:28 of 1st period - Wrist shot by Jake DeBrusk.
13:28 of 1st period - Stopped by Darcy Kuemper without a rebound.
13:29 of 1st period - Anze Kopitar wins face-off versus Jeff Carter in Tampa Bay Lightning zone.
13:41 of 1st period - Snap shot by Kirill Kaprizov.
13:41 of 1st period - Shot Misses the Net.
13:43 of 1st period - Slapshot by Tyler Myers.
13:43 of 1st period - Shot Blocked by Brock Boeser.
14:07 of 1st period - Snap shot by Jeff Carter.
14:07 of 1st period - Shot Misses the Net.
14:38 of 1st period - Jamie Benn is hit by Scott Mayfield and loses puck.
14:46 of 1st period - Icing by Darnell Nurse.
14:47 of 1st period - Boone Jenner wins face-off versus Jamie Benn in Tampa Bay Lightning zone.
15:11 of 1st period - Minor Penalty to David Perron for Slashing.
15:12 of 1st period - Anze Kopitar wins face-off versus Boone Jenner in Edmonton Oilers zone.
17:11 of 1st period - Penalty to David Perron is over, David Perron is back on ice.
17:23 of 1st period - Joey Anderson is hit by Jason Dickinson and loses puck.
17:38 of 1st period - Michael Matheson is hit by Corey Perry.
17:44 of 1st period - Hampus Lindholm is hit by Corey Perry and loses puck.
17:57 of 1st period - Tyler Myers is hit by David Perron and loses puck.
18:20 of 1st period - Tyler Myers is hit by Jake DeBrusk and loses puck.
18:52 of 1st period - Filip Forsberg is hit by Scott Mayfield and loses puck.
19:05 of 1st period - Moritz Seider is hit by Jacob Trouba and loses puck.
19:48 of 1st period - Hampus Lindholm is hit by Morgan Barron and loses puck.
19:52 of 1st period - Icing by Michael Matheson.
19:53 of 1st period - Roope Hintz wins face-off versus Derek Ryan in Tampa Bay Lightning zone.
Goals for this period are 1 for Tampa Bay Lightning vs 0 for Edmonton Oilers.
Shots for this period are 8 for Tampa Bay Lightning vs 9 for Edmonton Oilers.
2nd period
0:01 of 2nd period - Boone Jenner wins face-off versus Anze Kopitar in neutral zone.
0:26 of 2nd period - Brandon Carlo is hit by Filip Forsberg and loses puck.
0:35 of 2nd period - Wrist shot by Jacob Trouba.
0:35 of 2nd period - Deflect By Brock Boeser.
0:35 of 2nd period - Stopped by Darcy Kuemper without a rebound.
0:36 of 2nd period - Anze Kopitar wins face-off versus David Perron in Tampa Bay Lightning zone.
1:14 of 2nd period - Wrist shot by Corey Perry.
1:14 of 2nd period - Shot Misses the Net.
2:11 of 2nd period - Snap shot by Derek Ryan.
2:11 of 2nd period - Shot Misses the Net.
2:13 of 2nd period - Slapshot by Joey Anderson.
2:13 of 2nd period - Shot Misses the Net.
2:39 of 2nd period - Icing by Darnell Nurse.
2:40 of 2nd period - Boone Jenner wins face-off versus Roope Hintz in Tampa Bay Lightning zone.
2:41 of 2nd period - Wrist shot by Adrian Kempe.
2:41 of 2nd period - Stopped by Darcy Kuemper with a rebound.
2:43 of 2nd period - Slapshot by Scott Mayfield.
2:43 of 2nd period - Stopped by Darcy Kuemper without a rebound.
2:44 of 2nd period - Anze Kopitar wins face-off versus Boone Jenner in Tampa Bay Lightning zone.
2:44 of 2nd period - Anze Kopitar is hit by Rasmus Ristolainen.
2:54 of 2nd period - Snap shot by Kirill Kaprizov.
2:54 of 2nd period - Shot Misses the Net.
3:10 of 2nd period - Rasmus Ristolainen is hit by Moritz Seider and loses puck.
3:40 of 2nd period - Snap shot by Jonathan Huberdeau.
3:40 of 2nd period - Stopped by Jonathan Quick with a rebound.
3:42 of 2nd period - Slapshot by Brent Burns.
3:42 of 2nd period - Stopped by Jonathan Quick without a rebound.
3:43 of 2nd period - Anze Kopitar wins face-off versus Adrian Kempe in Edmonton Oilers zone.
3:49 of 2nd period - Minor Penalty to Jacob Trouba for Hooking.
3:50 of 2nd period - Roope Hintz wins face-off versus Adrian Kempe in Edmonton Oilers zone.
4:00 of 2nd period - Wrist shot by Travis Konecny.
4:00 of 2nd period - Stopped by Jonathan Quick without a rebound.
4:01 of 2nd period - Anze Kopitar wins face-off versus Adrian Kempe in Edmonton Oilers zone.
4:12 of 2nd period - Wrist shot by Kirill Kaprizov.
4:12 of 2nd period - Stopped by Jonathan Quick without a rebound.
4:13 of 2nd period - Jamie Benn wins face-off versus Adrian Kempe in Edmonton Oilers zone.
5:18 of 2nd period - Off-side.
5:19 of 2nd period - Roope Hintz wins face-off versus Adrian Kempe in neutral zone.
5:24 of 2nd period - Adrian Kempe is hit by Travis Konecny.
5:49 of 2nd period - Penalty to Jacob Trouba is over, Jacob Trouba is back on ice.
6:00 of 2nd period - Scott Mayfield is hit by Filip Forsberg.
6:20 of 2nd period - Backhand shot by Dawson Mercer.
6:20 of 2nd period - Stopped by Darcy Kuemper without a rebound.
6:21 of 2nd period - Jeff Carter wins face-off versus Anze Kopitar in Tampa Bay Lightning zone.
6:28 of 2nd period - Slapshot by Kirill Kaprizov.
6:28 of 2nd period - Stopped by Jonathan Quick without a rebound.
6:29 of 2nd period - Anze Kopitar wins face-off versus Jake DeBrusk in Edmonton Oilers zone.
6:49 of 2nd period - Brandon Carlo is hit by Kirill Kaprizov.
8:19 of 2nd period - Slapshot by Anze Kopitar.
8:19 of 2nd period - Deflect By Kirill Kaprizov.
8:19 of 2nd period - Stopped by Jonathan Quick with a rebound.
8:21 of 2nd period - Wrist shot by Anze Kopitar.
8:21 of 2nd period - Deflect By Kirill Kaprizov.
8:21 of 2nd period - Shot Blocked by Jake DeBrusk.
8:21 of 2nd period - Puck is out of play.
8:22 of 2nd period - Boone Jenner wins face-off versus Roope Hintz in Edmonton Oilers zone.
8:49 of 2nd period - Scott Mayfield is hit by Trevor Moore.
8:57 of 2nd period - Dawson Mercer is hit by Brent Burns and loses puck.
9:16 of 2nd period - Scott Mayfield is hit by Jason Dickinson and loses puck.
10:03 of 2nd period - Icing by Brent Burns.
10:04 of 2nd period - Ryan McLeod wins face-off versus Travis Konecny in Tampa Bay Lightning zone.
10:09 of 2nd period - Ryan McLeod is hit by Roope Hintz and loses puck.
10:52 of 2nd period - Slapshot by Michael Matheson.
10:52 of 2nd period - Deflect By Travis Konecny.
10:52 of 2nd period - Stopped by Jonathan Quick without a rebound.
10:53 of 2nd period - Derek Ryan wins face-off versus Roope Hintz in Edmonton Oilers zone.
11:15 of 2nd period - Icing by Adrian Kempe.
11:16 of 2nd period - Boone Jenner wins face-off versus Jamie Benn in Edmonton Oilers zone.
11:23 of 2nd period - Wrist shot by David Perron.
11:23 of 2nd period - Goal by David Perron - Tampa Bay Lightning : 1 - Edmonton Oilers : 1.
11:24 of 2nd period - Roope Hintz wins face-off versus Boone Jenner in neutral zone.
11:29 of 2nd period - Slapshot by Roope Hintz.
11:29 of 2nd period - Stopped by Jonathan Quick with a rebound.
11:42 of 2nd period - Off-side.
11:43 of 2nd period - Jeff Carter wins face-off versus Anze Kopitar in neutral zone.
11:45 of 2nd period - Off-side.
11:46 of 2nd period - Jeff Carter wins face-off versus Anze Kopitar in neutral zone.
11:49 of 2nd period - Slapshot by David Savard.
11:49 of 2nd period - Shot Misses the Net.
12:13 of 2nd period - Slapshot by Trevor Moore.
12:13 of 2nd period - Goal by Trevor Moore - Tampa Bay Lightning : 2 - Edmonton Oilers : 1.
12:14 of 2nd period - Boone Jenner wins face-off versus Roope Hintz in neutral zone.
12:23 of 2nd period - Snap shot by Adrian Kempe.
12:23 of 2nd period - Shot Blocked by Hampus Lindholm.
12:42 of 2nd period - Off-side.
12:43 of 2nd period - Anze Kopitar wins face-off versus Dawson Mercer in neutral zone.
13:05 of 2nd period - Brent Burns is hit by Rasmus Ristolainen and loses puck.
13:22 of 2nd period - Wrist shot by Gustav Nyquist.
13:22 of 2nd period - Goal by Gustav Nyquist - Tampa Bay Lightning : 3 - Edmonton Oilers : 1.
13:23 of 2nd period - Boone Jenner wins face-off versus Travis Konecny in neutral zone.
13:49 of 2nd period - Michael Matheson is hit by Brandon Carlo.
13:53 of 2nd period - Slapshot by Jonathan Huberdeau.
13:53 of 2nd period - Stopped by Jonathan Quick with a rebound.
13:59 of 2nd period - Jamie Benn is hit by Jake DeBrusk and loses puck.
14:10 of 2nd period - Scott Mayfield is hit by Brent Burns and loses puck.
14:33 of 2nd period - Minor Penalty to Rasmus Ristolainen for Delaying the game.
14:34 of 2nd period - Anze Kopitar wins face-off versus Adrian Kempe in Edmonton Oilers zone.
15:00 of 2nd period - Brandon Carlo is hit by Roope Hintz and loses puck.
16:33 of 2nd period - Penalty to Rasmus Ristolainen is over, Rasmus Ristolainen is back on ice.
16:45 of 2nd period - Backhand shot by Jacob Trouba.
16:45 of 2nd period - Stopped by Darcy Kuemper without a rebound.
16:46 of 2nd period - Jason Dickinson wins face-off versus Corey Perry in Tampa Bay Lightning zone.
17:14 of 2nd period - Minor Penalty to Jacob Trouba for Tripping.
17:15 of 2nd period - Anze Kopitar wins face-off versus Adrian Kempe in Edmonton Oilers zone.
17:32 of 2nd period - Icing by Kirill Kaprizov.
17:33 of 2nd period - Anze Kopitar wins face-off versus Boone Jenner in Tampa Bay Lightning zone.
17:38 of 2nd period - Slapshot by Brent Burns.
17:38 of 2nd period - Shot Blocked by Brandon Carlo.
18:09 of 2nd period - Snap shot by Filip Forsberg.
18:09 of 2nd period - Shot Blocked by David Savard.
18:11 of 2nd period - Backhand shot by Anze Kopitar.
18:11 of 2nd period - Shot Blocked by Brandon Carlo.
18:50 of 2nd period - Wrist shot by Kirill Kaprizov.
18:50 of 2nd period - Shot Misses the Net.
18:52 of 2nd period - Snap shot by Anze Kopitar.
18:52 of 2nd period - Stopped by Jonathan Quick with a rebound.
18:54 of 2nd period - Wrist shot by Kirill Kaprizov.
18:54 of 2nd period - Shot Blocked by David Perron.
18:56 of 2nd period - Slapshot by Darnell Nurse.
18:56 of 2nd period - Shot Blocked by David Perron.
18:58 of 2nd period - Wrist shot by Filip Forsberg.
18:58 of 2nd period - Stopped by Jonathan Quick with a rebound.
19:00 of 2nd period - Snap shot by Kirill Kaprizov.
19:00 of 2nd period - Goal by Kirill Kaprizov - Tampa Bay Lightning : 4 - Edmonton Oilers : 1.
19:01 of 2nd period - Jamie Benn wins face-off versus Jeff Carter in neutral zone.
19:03 of 2nd period - Michael Matheson is hit by Brock Boeser and loses puck.
19:14 of 2nd period - Snap shot by Jeff Carter.
19:14 of 2nd period - Stopped by Darcy Kuemper without a rebound.
19:15 of 2nd period - Boone Jenner wins face-off versus Jamie Benn in Tampa Bay Lightning zone.
19:16 of 2nd period - Snap shot by Adrian Kempe.
19:16 of 2nd period - Stopped by Darcy Kuemper without a rebound.
19:17 of 2nd period - Boone Jenner wins face-off versus Jonathan Huberdeau in Tampa Bay Lightning zone.
19:26 of 2nd period - Wrist shot by Adrian Kempe.
19:26 of 2nd period - Shot Misses the Net.
19:28 of 2nd period - Wrist shot by Scott Mayfield.
19:28 of 2nd period - Shot Misses the Net.
19:30 of 2nd period - Slapshot by David Savard.
19:30 of 2nd period - Stopped by Darcy Kuemper with a rebound.
19:32 of 2nd period - Backhand shot by David Perron.
19:32 of 2nd period - Shot Misses the Net.
19:34 of 2nd period - Slapshot by Scott Mayfield.
19:34 of 2nd period - Shot Blocked by Trevor Moore.
19:52 of 2nd period - Wrist shot by Jordan Martinook.
19:52 of 2nd period - Deflect By Scott Mayfield.
19:52 of 2nd period - Stopped by Jonathan Quick without a rebound.
19:53 of 2nd period - Dawson Mercer wins face-off versus Roope Hintz in Edmonton Oilers zone.
19:53 of 2nd period - Dawson Mercer is hit by Travis Konecny.
19:56 of 2nd period - Minor Penalty to Jacob Trouba for Hooking.
19:57 of 2nd period - Adrian Kempe wins face-off versus Roope Hintz in Edmonton Oilers zone.
Goals for this period are 3 for Tampa Bay Lightning vs 1 for Edmonton Oilers.
Shots for this period are 15 for Tampa Bay Lightning vs 9 for Edmonton Oilers.
3rd period
0:01 of 3rd period - Roope Hintz wins face-off versus Adrian Kempe in neutral zone.
1:54 of 3rd period - David Perron is hit by Jonathan Huberdeau and loses puck.
1:56 of 3rd period - Penalty to Jacob Trouba is over, Jacob Trouba is back on ice.
2:15 of 3rd period - Rasmus Ristolainen is hit by Jordan Martinook and loses puck.
2:27 of 3rd period - Off-side.
2:28 of 3rd period - Jamie Benn wins face-off versus Morgan Barron in neutral zone.
2:33 of 3rd period - Snap shot by Trevor Moore.
2:33 of 3rd period - Stopped by Jonathan Quick without a rebound.
2:34 of 3rd period - Jeff Carter wins face-off versus Jamie Benn in Edmonton Oilers zone.
2:47 of 3rd period - Slapshot by Brent Burns.
2:47 of 3rd period - Shot Misses the Net.
2:59 of 3rd period - Snap shot by Adrian Kempe.
2:59 of 3rd period - Stopped by Darcy Kuemper without a rebound.
3:00 of 3rd period - Roope Hintz wins face-off versus David Perron in Tampa Bay Lightning zone.
3:19 of 3rd period - Backhand shot by Adrian Kempe.
3:19 of 3rd period - Shot Misses the Net.
3:21 of 3rd period - Snap shot by Boone Jenner.
3:21 of 3rd period - Deflect By Travis Konecny.
3:21 of 3rd period - Stopped by Darcy Kuemper with a rebound.
3:23 of 3rd period - Slapshot by Scott Mayfield.
3:23 of 3rd period - Stopped by Darcy Kuemper with a rebound.
3:53 of 3rd period - Wrist shot by Filip Forsberg.
3:53 of 3rd period - Stopped by Jonathan Quick without a rebound.
3:54 of 3rd period - Jeff Carter wins face-off versus Anze Kopitar in Edmonton Oilers zone.
3:59 of 3rd period - Jeff Carter is hit by Kirill Kaprizov and loses puck.
4:08 of 3rd period - Slapshot by Scott Mayfield.
4:08 of 3rd period - Deflect By Gustav Nyquist.
4:08 of 3rd period - Stopped by Darcy Kuemper without a rebound.
4:09 of 3rd period - Dawson Mercer wins face-off versus Jonathan Huberdeau in Tampa Bay Lightning zone.
4:16 of 3rd period - Wrist shot by Jonathan Huberdeau.
4:16 of 3rd period - Stopped by Jonathan Quick with a rebound.
4:18 of 3rd period - Wrist shot by Michael Matheson.
4:18 of 3rd period - Shot Blocked by Jacob Trouba.
4:20 of 3rd period - Slapshot by Jonathan Huberdeau.
4:20 of 3rd period - Deflect By Trevor Moore.
4:20 of 3rd period - Stopped by Jonathan Quick without a rebound.
4:21 of 3rd period - Anze Kopitar wins face-off versus Jeff Carter in Edmonton Oilers zone.
4:46 of 3rd period - Jacob Trouba is hit by Roope Hintz and loses puck.
5:09 of 3rd period - Snap shot by Jonathan Huberdeau.
5:09 of 3rd period - Shot Misses the Net.
5:11 of 3rd period - Slapshot by Brent Burns.
5:11 of 3rd period - Deflect By Corey Perry.
5:11 of 3rd period - Goal by Brent Burns - Tampa Bay Lightning : 5 - Edmonton Oilers : 1.
5:12 of 3rd period - Boone Jenner wins face-off versus Roope Hintz in neutral zone.
5:50 of 3rd period - Snap shot by Jeff Carter.
5:50 of 3rd period - Shot Misses the Net.
6:02 of 3rd period - Wrist shot by Jamie Benn.
6:02 of 3rd period - Stopped by Jonathan Quick with a rebound.
6:22 of 3rd period - Wrist shot by Dylan Cozens.
6:22 of 3rd period - Shot Misses the Net.
7:06 of 3rd period - Wrist shot by Roope Hintz.
7:06 of 3rd period - Shot Misses the Net.
7:26 of 3rd period - Backhand shot by Joey Anderson.
7:26 of 3rd period - Shot Misses the Net.
7:32 of 3rd period - Snap shot by Morgan Barron.
7:32 of 3rd period - Stopped by Darcy Kuemper without a rebound.
7:33 of 3rd period - Adrian Kempe wins face-off versus Roope Hintz in Tampa Bay Lightning zone.
7:34 of 3rd period - Snap shot by Boone Jenner.
7:34 of 3rd period - Shot Misses the Net.
7:42 of 3rd period - Wrist shot by Travis Konecny.
7:42 of 3rd period - Stopped by Jonathan Quick with a rebound.
8:11 of 3rd period - Snap shot by Brock Boeser.
8:11 of 3rd period - Deflect By Jake DeBrusk.
8:11 of 3rd period - Shot Misses the Net.
8:11 of 3rd period - Puck is out of play.
8:12 of 3rd period - Anze Kopitar wins face-off versus Dawson Mercer in Tampa Bay Lightning zone.
9:43 of 3rd period - Wrist shot by Kirill Kaprizov.
9:43 of 3rd period - Stopped by Jonathan Quick with a rebound.
10:19 of 3rd period - Jordan Martinook is hit by David Perron and loses puck.
10:34 of 3rd period - Snap shot by Derek Ryan.
10:34 of 3rd period - Stopped by Darcy Kuemper without a rebound.
10:35 of 3rd period - Derek Ryan wins face-off versus Roope Hintz in Tampa Bay Lightning zone.
10:38 of 3rd period - Slapshot by Joey Anderson.
10:38 of 3rd period - Shot Blocked by Travis Konecny.
10:47 of 3rd period - Off-side.
10:48 of 3rd period - Boone Jenner wins face-off versus Anze Kopitar in neutral zone.
10:51 of 3rd period - Anze Kopitar is hit by Adrian Kempe and loses puck.
11:21 of 3rd period - Minor Penalty to Corey Perry for Cross-checking.
11:22 of 3rd period - Roope Hintz wins face-off versus Adrian Kempe in Edmonton Oilers zone.
12:24 of 3rd period - Boone Jenner is hit by Roope Hintz and loses puck.
13:21 of 3rd period - Penalty to Corey Perry is over, Corey Perry is back on ice.
13:34 of 3rd period - Snap shot by Morgan Barron.
13:34 of 3rd period - Stopped by Darcy Kuemper with a rebound.
13:36 of 3rd period - Slapshot by David Savard.
13:36 of 3rd period - Shot Blocked by Jason Dickinson.
13:38 of 3rd period - Snap shot by Derek Ryan.
13:38 of 3rd period - Shot Hit the Post.
14:20 of 3rd period - Trevor Moore is hit by Dawson Mercer and loses puck.
14:51 of 3rd period - Darnell Nurse is hit by Brandon Carlo and loses puck.
14:56 of 3rd period - Snap shot by Derek Ryan.
14:56 of 3rd period - Shot Misses the Net.
15:08 of 3rd period - Jason Dickinson is hit by Jeff Carter and loses puck.
15:56 of 3rd period - Snap shot by Dawson Mercer.
15:56 of 3rd period - Shot Hit the Post.
16:02 of 3rd period - Wrist shot by David Perron.
16:02 of 3rd period - Shot Misses the Net.
16:04 of 3rd period - Wrist shot by Boone Jenner.
16:04 of 3rd period - Shot Misses the Net.
16:06 of 3rd period - Slapshot by Adrian Kempe.
16:06 of 3rd period - Shot Blocked by Hampus Lindholm.
16:08 of 3rd period - Wrist shot by Adrian Kempe.
16:08 of 3rd period - Shot Misses the Net.
16:26 of 3rd period - Dylan Cozens is hit by Jacob Trouba and loses puck.
16:46 of 3rd period - Jeff Carter is hit by Brent Burns and loses puck.
18:21 of 3rd period - Jacob Trouba is hit by Jason Dickinson.
18:42 of 3rd period - Corey Perry is hit by Trevor Moore and loses puck.
19:29 of 3rd period - Jeff Carter is hit by Anze Kopitar and loses puck.
Goals for this period are 1 for Tampa Bay Lightning vs 0 for Edmonton Oilers.
Shots for this period are 8 for Tampa Bay Lightning vs 7 for Edmonton Oilers.
Back to the Top